[Event "Hans Wild Turnier 2019"]
[Site "Bremen"]
[Date "2019.09.15"]
[Round "4.1"]
[White "Fruebing, Stefan"]
[Black "Breutigam, Martin"]
[Result "1-0"]
[ECO "C24"]
[WhiteElo "2410"]
[BlackElo "2383"]
[Annotator "ChessBase"]
[PlyCount "45"]
[EventDate "2019.09.13"]
[EventType "tourn"]
[EventCountry "GER"]
[SourceTitle "playchess.com"]
[Source "ChessBase"]
[SourceQuality "1"]
[TimeControl "40/7200:1800"]

1. e4 e5 2. Nf3 Nc6 3. Bc4 Nf6 4. d3 d5 5. exd5 Nxd5 6. O-O Bc5 7. Re1 O-O 8. Nbd2 Nb6 9. Bb3 a5 10. a4 Bg4 11. h3 Bh5 12. c3 Qxd3 13. Nxe5 Qg3 14. Qxh5 Bxf2+ 15. Kh1 Bxe1 16. Nxf7 Rxf7 17. Qxf7+ Kh8 18. Nf3 Ne5 19. Nxe5 Qxe5 20. Bf4 Qe2 21. Bxc7 Nd7 22. Qxd7 Rf8 23. Kh2 1-0

[Event "Hans Wild Turnier 2019"]
[Site "Bremen"]
[Date "2019.09.15"]
[Round "4.2"]
[White "Grigorian, Spartak"]
[Black "Bruedigam, Martin"]
[Result "1/2-1/2"]
[ECO "D38"]
[WhiteElo "2373"]
[BlackElo "2396"]
[Annotator "NA"]
[PlyCount "73"]
[EventDate "2019.09.13"]
[EventType "tourn"]
[EventCountry "GER"]
[SourceTitle "playchess.com"]
[Source "ChessBase"]
[SourceQuality "1"]
[TimeControl "40/7200:1800"]

1. Nf3 d5 2. d4 Nf6 3. c4 e6 4. Nc3 Bb4 5. Bg5 h6 6. Bxf6 Qxf6 7. e3 O-O 8. Rc1 c6 9. Be2 Nd7 10. O-O Rd8 11. a3 Bf8 12. Qc2 dxc4 13. Bxc4 Qe7 14. Ba2 b6 15. h4 g6 16. h5 gxh5 17. Rfd1 Bg7 18. e4 c5 19. d5 Ne5 20. Qe2 Ng6 21. Qe3 exd5 22. Nxd5 Qf8 23. b4 Bg4 24. bxc5 bxc5 25. Rxc5 Kh8 26. Rdc1 Rd7 27. Rc7 Rad8 28. Qxa7 Bb2 29. Rxd7 Rxd7 30. Rc7 Rxc7 31. Nxc7 Bxf3 32. gxf3 Nh4 33. Qa8 Qxa8 34. Nxa8 Bxa3 35. Bxf7 Nxf3+ 36. Kg2 Ng5 37. Bxh5 1/2-1/2

[Event "Hans Wild Turnier 2019"]
[Site "Bremen"]
[Date "2019.09.15"]
[Round "4.3"]
[White "Kunin, Vitaly"]
[Black "Reuker, Jari"]
[Result "1-0"]
[ECO "A72"]
[WhiteElo "2546"]
[BlackElo "2397"]
[Annotator "ChessBase"]
[PlyCount "116"]
[EventDate "2019.09.13"]
[EventType "tourn"]
[EventCountry "GER"]
[SourceTitle "playchess.com"]
[Source "ChessBase"]
[SourceQuality "1"]
[TimeControl "40/7200:1800"]

1. d4 Nf6 2. c4 g6 3. Nc3 Bg7 4. e4 d6 5. Be2 O-O 6. Bg5 c5 7. d5 e6 8. Nf3 exd5 9. cxd5 h6 10. Bf4 g5 11. Be3 Ng4 12. Bd2 f5 13. h3 Nf6 14. exf5 Bxf5 15. O-O Nbd7 16. Be3 Ne4 17. Nxe4 Bxe4 18. Nd2 Bxd5 19. Bc4 Bxc4 20. Nxc4 Qf6 21. Nxd6 b6 22. Qd5+ Kh7 23. Rad1 Qg6 24. Rfe1 Nf6 25. Qb7 Rfb8 26. Qf3 Rf8 27. g4 Nd7 28. Nf5 Ne5 29. Qg2 Rad8 30. b3 Qc6 31. Qxc6 Nxc6 32. Kg2 Bc3 33. Rh1 Kg6 34. h4 h5 35. hxg5 hxg4 36. Nh4+ Kf7 37. Kg3 Ne5 38. Rxd8 Rxd8 39. Nf5 Bd4 40. Rh6 Bxe3 41. Rf6+ Kg8 42. Nxe3 Rd2 43. Nxg4 Nxg4 44. Kxg4 Rxa2 45. f4 b5 46. Rc6 c4 47. bxc4 b4 48. f5 b3 49. Rc8+ Kf7 50. Rc7+ Kf8 51. Rb7 b2 52. g6 Ra4 53. Rxb2 Rxc4+ 54. Kg5 Rc1 55. Rb8+ Ke7 56. Rb7+ Kd6 57. Rxa7 Ke5 58. Re7+ Kd5 1-0

[Event "Hans Wild Turnier 2019"]
[Site "Bremen"]
[Date "2019.09.15"]
[Round "5.1"]
[White "Reuker, Jari"]
[Black "Fruebing, Stefan"]
[Result "1/2-1/2"]
[ECO "C67"]
[WhiteElo "2397"]
[BlackElo "2410"]
[Annotator "NA"]
[PlyCount "125"]
[EventDate "2019.09.13"]
[EventType "tourn"]
[EventCountry "GER"]
[SourceTitle "playchess.com"]
[Source "ChessBase"]
[SourceQuality "1"]
[TimeControl "40/7200:1800"]

1. e4 e5 2. Nf3 Nc6 3. Bb5 Nf6 4. O-O Nxe4 5. Re1 Nd6 6. Nxe5 Be7 7. Bf1 Nxe5 8. Rxe5 O-O 9. Nc3 Bf6 10. Re1 c6 11. d4 Nf5 12. d5 d6 13. Ne4 Be7 14. Bf4 c5 15. Qd2 Nh4 16. b4 b6 17. bxc5 bxc5 18. Qe3 Ng6 19. Rab1 Nxf4 20. Qxf4 f5 21. Ng3 g6 22. Qf3 Bf6 23. Ne2 g5 24. Ng3 Be5 25. Bd3 Qf6 26. h3 Kh8 27. Qh5 Qg7 28. Kh1 Qf6 29. Nf1 h6 30. Ne3 Bc3 31. Re2 Bd7 32. Rb7 Rad8 33. Nxf5 c4 34. Be4 Be8 35. Qxh6+ Qxh6 36. Nxh6 Rd7 37. Rb8 Re7 38. Bf3 Rxe2 39. Bxe2 Kg7 40. Ng4 Bh5 41. Rxf8 Kxf8 42. g3 Bxg4 43. Bxg4 Bd2 44. Kg2 Kg7 45. Be2 c3 46. f4 gxf4 47. g4 Be1 48. Kf3 Kf6 49. Kxf4 Bd2+ 50. Ke4 Be1 51. Bf1 Kg5 52. Kd4 Bd2 53. Kc4 Be1 54. Kb5 Bf2 55. Kc6 Bg3 56. Kd7 Bf4 57. a4 Kh4 58. Bd3 Kg5 59. Ke6 Kh4 60. Kf5 Be3 61. Be2 Bg5 62. Bf1 Be3 63. Be2 1/2-1/2

[Event "Hans Wild Turnier 2019"]
[Site "Bremen"]
[Date "2019.09.15"]
[Round "5.2"]
[White "Bruedigam, Martin"]
[Black "Kunin, Vitaly"]
[Result "0-1"]
[ECO "B07"]
[WhiteElo "2396"]
[BlackElo "2546"]
[Annotator "ChessBase"]
[PlyCount "84"]
[EventDate "2019.09.13"]
[EventType "tourn"]
[EventCountry "GER"]
[SourceTitle "playchess.com"]
[Source "ChessBase"]
[SourceQuality "1"]
[TimeControl "40/7200:1800"]

1. e4 d6 2. d4 Nf6 3. Nc3 e5 4. Nge2 Nbd7 5. g3 c6 6. a4 Be7 7. Bg2 Qc7 8. O-O O-O 9. h3 h5 10. f4 Re8 11. Kh2 Rb8 12. Be3 b6 13. Re1 a6 14. d5 cxd5 15. Nxd5 Nxd5 16. exd5 Nf6 17. Qd3 b5 18. axb5 Rxb5 19. c4 Rxb2 20. fxe5 dxe5 21. Qc3 Qb8 22. c5 Bxh3 23. Bxh3 Nxd5 24. Qc1 h4 25. Bg2 hxg3+ 26. Kh1 Qb3 27. Ng1 Rc8 28. Rxa6 Rxg2 29. Kxg2 Qb7 30. Nf3 Qxa6 31. Nxe5 Qa4 32. Nf3 Nxe3+ 33. Rxe3 Rxc5 34. Qe1 Rc2+ 35. Re2 Bd6 36. Qd1 Rxe2+ 37. Qxe2 Qc6 38. Qa2 g6 39. Qe2 Qd5 40. Qe8+ Kg7 41. Qe2 g5 42. Kh3 Kg6 0-1

[Event "Hans Wild Turnier 2019"]
[Site "Bremen"]
[Date "2019.09.15"]
[Round "5.3"]
[White "Breutigam, Martin"]
[Black "Grigorian, Spartak"]
[Result "1/2-1/2"]
[ECO "D03"]
[WhiteElo "2383"]
[BlackElo "2373"]
[Annotator "NA"]
[PlyCount "124"]
[EventDate "2019.09.13"]
[EventType "tourn"]
[EventCountry "GER"]
[SourceTitle "playchess.com"]
[Source "ChessBase"]
[SourceQuality "1"]
[TimeControl "40/7200:1800"]

1. d4 d5 2. Nf3 Nf6 3. Bg5 Ne4 4. Bh4 Qd6 5. Nbd2 Qh6 6. Qc1 Nc6 7. c3 Qh5 8. h3 f6 9. g4 Qf7 10. Nxe4 dxe4 11. Nd2 h5 12. Bg2 hxg4 13. hxg4 Bxg4 14. Nxe4 O-O-O 15. Qe3 Kb8 16. Bg3 Rxh1+ 17. Bxh1 e5 18. dxe5 Nxe5 19. Bxe5 fxe5 20. Qg5 Qd7 21. Qxe5 a6 22. Kf1 Ka8 23. a3 c6 24. Re1 Bxe2+ 25. Kg1 Bc4 26. Bf3 Re8 27. Qf4 Qe6 28. Re3 Qg6+ 29. Qg4 Qxg4+ 30. Bxg4 Kb8 31. Kg2 Bd5 32. f3 Bd6 33. Re2 Bf4 34. Bf5 Re5 35. Bg4 a5 36. Re1 a4 37. Re2 Bc4 38. Re1 Rb5 39. Nf2 g5 40. Re4 Rxb2 41. Rxc4 Be3 42. Rxa4 Rxf2+ 43. Kh1 Rc2 44. Rc4 Kc7 45. a4 Kd6 46. Bh5 Bd2 47. Bg6 Rc1+ 48. Kg2 Bxc3 49. Be4 Ke7 50. Rc5 Bd2 51. Rxc1 Bxc1 52. Kf1 Kd6 53. Ke2 Ke5 54. Kd3 Ba3 55. Bg6 Bb4 56. Kc4 Be1 57. Bh5 Kf4 58. Bg4 b6 59. Bh5 Ke3 60. Bg4 Ba5 61. Bh5 Kf4 62. Bg4 Ke5 1/2-1/2